 Dungeon Crawl Stone Soup version 0.23-a0-644-gb60d84b (webtiles) character file.

8 Borgoz the Skirmisher (level 2, -2/27 HPs)
             Began as a Hill Orc Abyssal Knight on Jan 1, 2019.
             Was an Initiate of Lugonu.
             Slain by a leopard gecko (5 damage)
             ... on level 1 of the Dungeon.
             The game lasted 00:00:54 (419 turns).

Borgoz the Skirmisher (Hill Orc Abyssal Knight)      Turns: 419, Time: 00:00:54

Health: -2/27      AC:  3    Str: 14    XL:     2   Next: 8%
Magic:  3/3        EV: 11    Int: 12    God:    Lugonu [......]
Gold:   25         SH:  0    Dex: 10    Spells: 1/1 levels left

rFire    . . .     SeeInvis .   a - +1 hand axe
rCold    . . .     Gourm    .   (no shield)
rNeg     . . .     Faith    .   b - +0 leather armour
rPois    .         Spirit   .   (no helmet)
rElec    .         Reflect  .   (no cloak)
rCorr    .         Harm     .   (no gloves)
MR       .....                  (no boots)
Stlth    +.........             (no amulet)
HPRegen  0.09/turn              (no ring)
MPRegen  0.08/turn              (no ring)

@: no status effects
A: no striking features
a: Renounce Religion


You were on level 1 of the Dungeon.
You worshipped Lugonu.
Lugonu was noncommittal.
You were not hungry.

You visited 1 branch of the dungeon, and saw 1 of its levels.
You visited the Abyss 1 time.

You collected 25 gold pieces.

Inventory:

Hand Weapons
 a - a +1 hand axe (weapon)
Armour
 b - a +0 leather armour (worn)
Scrolls
 e - a scroll of identify
 g - a scroll of remove curse {unknown}
 h - a scroll of teleportation {unknown}
Potions
 d - a potion of resistance
 f - 2 potions of might {unknown}
 i - a potion of degeneration {unknown}
Comestibles
 c - a ration


   Skills:
 + Level 4.1 Fighting
 + Level 2.8 Axes
 + Level 2.3 Armour
 + Level 0.8 Dodging
 + Level 2.5 Invocations


You had one spell level left.
You didn't know any spells.
Your spell library was empty.

Dungeon Overview and Level Annotations

Branches:
Dungeon (1/15)

Altars:


Message History

You barely miss the leopard gecko.
The leopard gecko is severely wounded.
The leopard gecko hisses menacingly.
The leopard gecko barely misses you.
You closely miss the leopard gecko.
The leopard gecko is severely wounded.
The leopard gecko bites you.
You closely miss the leopard gecko.
The leopard gecko is severely wounded.
The leopard gecko closely misses you. The leopard gecko bites you.
You hit the leopard gecko.
The leopard gecko is almost dead.
The leopard gecko bites you.
* * * LOW HITPOINT WARNING * * *
You closely miss the leopard gecko.
The leopard gecko is almost dead.
The leopard gecko bites you.
* * * LOW HITPOINT WARNING * * *
The leopard gecko bites you.
You die...

... ............#
#....##########....#
#....#........+....#
#.#.........##....#
...........##....#
#.........##....#
#.........####'##
#.....)...# #.#
#....@l...# #.#
#.#.##########.##
#.# #.......#
#.#####..(....#
#.............#
#.............#
#............#######
#............##.....
#...........)##.....


You could see a leopard gecko.

Vanquished Creatures
  A leopard gecko (D:1)
  A goblin (D:1)
  A kobold (D:1)
  5 rats (D:1)
8 creatures vanquished.

Notes
Turn   | Place    | Note
-------+----------+-------------------------------------------
     0 | Abyss:1  | Borgoz the Hill Orc Abyssal Knight began the quest for the
                  | Orb.
     0 | Abyss:1  | Reached XP level 1. HP: 19/19 MP: 2/2
    54 | Abyss:3  | Noticed a small abomination
    55 | D:1      | Escaped the Abyss
   348 | D:1      | Reached skill level 4 in Fighting
   384 | D:1      | Reached XP level 2. HP: 24/27 MP: 3/3
   419 | D:1      | Slain by a leopard gecko

Vault maps used:
D:1:      saegor_arrival_simple_c, wad_floor_pattern_1
Abyss:3:  eino_small_chamber_without_monster

Skill      XL: |  1 |
---------------+----+-----
Fighting       | 4 |  4.1
Axes           | |  2.8
Armour         | |  2.3
Dodging        | |  0.8
Invocations    | |  2.5

Action                   || total
-------------------------++-------
Melee: Hand axe          ||    40
Invok: Depart the Abyss  ||     1
  Use: Scroll            ||     1
Armor: Leather armour    ||    12
Dodge: Dodged            ||    21

Table legend:
 A = Non-vault XP
 B = Vault XP
 C = Vault XP percentage of total XP
 D = Non-vault monster count
 E = Vault monster count
 F = Vault count percentage of total count
                 A         B        C        D         E       F
            +---------+---------+-------+---------+---------+-------
      Total |      12 |       0 |   0.0 |       8 |       0 |   0.0
            +---------+---------+-------+---------+---------+-------
        D:1 |      12 |       0 |   0.0 |       8 |       0 |   0.0
            +---------+---------+-------+---------+---------+-------
